 Dungeon Crawl Stone Soup version 0.25-a0-482-g9b3b753f3f (webtiles) character file.

Game seed: 331702441333856766, levelgen mode: deterministic

99 RedPan the Skirmisher (level 4, 0/41 HPs)
             Began as a Gnoll Wanderer on Feb 10, 2020.
             Slain by Sigmund
             ... wielding a +0 scythe
              (13 damage)
             ... on level 2 of the Dungeon.
             The game lasted 00:03:46 (1867 turns).

RedPan the Skirmisher (Gnoll Wanderer)              Turns: 1867, Time: 00:03:46

Health: 0/41       AC:  0    Str: 14    XL:     4   Next: 72%
Magic:  6/6        EV: 19    Int: 16    God:
Gold:   105        SH:  0    Dex: 19    Spells: 5/5 levels left

rFire    . . .     SeeInvis .     - Unarmed
rCold    . . .     Gourm    .   (shield currently unavailable)
rNeg     . . .     Faith    .   (armour currently unavailable)
rPois    .         Spirit   .   (helmet currently unavailable)
rElec    .         Reflect  .   (cloak currently unavailable)
rCorr    .         Harm     .   (gloves currently unavailable)
MR       .....                  (boots currently unavailable)
Stlth    ++++......             (no amulet)
HPRegen  0.13/turn              (ring currently unavailable)
MPRegen  0.10/turn              (ring currently unavailable)

@: agile, pig-form, very quick
A: small, distributed training, strong nose
a: no special abilities


You were on level 2 of the Dungeon.
You were not hungry.
You were a filthy swine.
You visited 1 branch of the dungeon, and saw 2 of its levels.

You collected 105 gold pieces.

Inventory:

Hand Weapons
 a - a +2 quarterstaff (melded)
 e - a +0 dagger
Armour
 g - a +0 ring mail (melded)
 p - a +0 helmet (melded)
Jewellery
 j - a ring of magical power (melded)
 l - a +3 ring of dexterity (melded)
Wands
 c - a wand of random effects (15)
Scrolls
 b - 3 scrolls of teleportation
 h - a scroll of random uselessness {unknown}
 k - a scroll of fear {unknown}
Potions
 i - a potion of curing
 m - 2 potions of flight
Comestibles
 f - 3 rations


   Skills:
 + Level 6.6 Fighting
 + Level 1.2 Short Blades
 + Level 1.2 Long Blades
 + Level 1.2 Axes
 + Level 1.2 Maces & Flails
 + Level 1.2 Polearms
 + Level 4.6 Staves
 + Level 1.2 Slings
 + Level 1.2 Bows
 + Level 1.2 Crossbows
 + Level 2.8 Throwing
 + Level 2.8 Armour
 + Level 1.2 Dodging
 + Level 4.3 Stealth
 + Level 1.2 Shields
 + Level 1.2 Unarmed Combat
 + Level 1.2 Spellcasting
 + Level 1.0 Conjurations
 + Level 1.0 Hexes
 + Level 1.0 Charms
 + Level 1.0 Summonings
 + Level 1.0 Necromancy
 + Level 1.0 Translocations
 + Level 1.0 Transmutations
 + Level 1.0 Fire Magic
 + Level 1.0 Ice Magic
 + Level 1.0 Air Magic
 + Level 1.0 Earth Magic
 + Level 1.0 Poison Magic
 + Level 1.3 Invocations
 + Level 2.8 Evocations


You had 5 spell levels left.
You didn't know any spells.
Your spell library was empty.

Dungeon Overview and Level Annotations

Branches:
Dungeon (2/15)

Altars:

Annotations:
D:2 Sigmund


Innate Abilities, Weirdness & Mutations

Your experience applies equally to all skills.
((You have very sharp teeth.))
Your uncanny sense of smell can sniff out nearby items.


Message History

Something hits you but does no damage.
You closely miss something. Your bite misses something. Something hits you!
You closely miss something. You sock something! Something hits you!
You miss something.
You hear a zap.
You turn into a filthy swine.
Your +2 quarterstaff melds into your body.
Your +0 helmet melds into your body.
Your +0 ring mail melds into your body.
Your ring of magical power melds into your body.
Your +3 ring of dexterity melds into your body.
You feel your magic capacity decrease.
You feel clumsy.
You hit something.
You hear a zap.
Something tries to affect you, but you resist.
You closely miss something. Something barely misses you.
You hit something. You hit something. Something hits you!
You die...

.............###### #.#.#.#
........###....<#####.#.#.#
........................>.#
........#..#.#)...........#
#####...................#.#
...........#............#
######
####.##..................
......
.....##{#.##...#######)#
.!.... .......h..##...# #(#
...... ....#..#.#.##...#
#(# ...... ...
##.#.#.############(#
...).. #...#.# #...........
...... ##..#.# #...........
...... #..# #...........
...### #.# #..#
#........... .### #.# #..#
#........... ...
#.######..# #...((......


There were no monsters in sight!

Vanquished Creatures
  Robin (D:2)
  2 adders (D:2)
  3 gnolls (D:2)
  2 worms
  A dart slug (D:2)
  2 leopard geckos (D:2)
  A bat (D:2)
  2 giant cockroaches
  2 hobgoblins (D:2)
  2 frilled lizards
  10 goblins
  4 kobolds (D:2)
  4 rats
36 creatures vanquished.

Notes
Turn   | Place    | Note
-------+----------+-------------------------------------------
     0 | D:1      | RedPan the Gnoll Wanderer began the quest for the Orb.
     0 | D:1      | RedPan set off with the following items: a +2 quarterstaff,
                  | a scroll of teleportation, a wand of random effects (15), a
                  | +0 robe, a +0 dagger, a ration
     0 | D:1      | Reached XP level 1. HP: 23/23 MP: 2/2
   313 | D:1      | Reached XP level 2. HP: 26/29 MP: 3/3
   875 | D:2      | Reached XP level 3. HP: 35/35 MP: 4/4
   944 | D:2      | Reached skill level 1 in Invocations
   959 | D:2      | Reached skill level 1 in Short Blades
   959 | D:2      | Reached skill level 1 in Long Blades
   959 | D:2      | Reached skill level 1 in Axes
   959 | D:2      | Reached skill level 1 in Maces & Flails
   959 | D:2      | Reached skill level 1 in Polearms
   959 | D:2      | Reached skill level 1 in Slings
   959 | D:2      | Reached skill level 1 in Bows
   959 | D:2      | Reached skill level 1 in Crossbows
   959 | D:2      | Reached skill level 1 in Dodging
   959 | D:2      | Reached skill level 1 in Shields
   959 | D:2      | Reached skill level 1 in Unarmed Combat
   959 | D:2      | Reached skill level 1 in Spellcasting
   959 | D:2      | Reached XP level 4. HP: 17/41 MP: 6/6
  1250 | D:2      | Noticed Robin
  1616 | D:2      | Killed Robin
  1616 | D:2      | Reached skill level 1 in Conjurations
  1616 | D:2      | Reached skill level 1 in Hexes
  1616 | D:2      | Reached skill level 1 in Charms
  1616 | D:2      | Reached skill level 1 in Summonings
  1616 | D:2      | Reached skill level 1 in Necromancy
  1616 | D:2      | Reached skill level 1 in Translocations
  1616 | D:2      | Reached skill level 1 in Transmutations
  1616 | D:2      | Reached skill level 1 in Fire Magic
  1616 | D:2      | Reached skill level 1 in Ice Magic
  1616 | D:2      | Reached skill level 1 in Air Magic
  1616 | D:2      | Reached skill level 1 in Earth Magic
  1616 | D:2      | Reached skill level 1 in Poison Magic
  1836 | D:2      | Noticed Sigmund
  1867 | D:2      | Slain by Sigmund

Levels and vault maps discovered:
D:1:      evilmike_arrival_run_for_it, layout_loops_cross
D:2:      layout_basic, uniq_robin, uniq_sigmund

Skill      XL: |  1  2  3  4 |
---------------+-------------+-----
Invocations    | 1 |  1.3
Short Blades   | 1 |  1.2
Long Blades    | 1 |  1.2
Axes           | 1 |  1.2
Maces & Flails | 1 |  1.2
Polearms       | 1 |  1.2
Slings         | 1 |  1.2
Bows           | 1 |  1.2
Crossbows      | 1 |  1.2
Dodging        | 1 |  1.2
Shields        | 1 |  1.2
Unarmed Combat | 1 |  1.2
Spellcasting   | 1 |  1.2
Conjurations   | 1 |  1.0
Hexes          | 1 |  1.0
Charms         | 1 |  1.0
Summonings     | 1 |  1.0
Necromancy     | 1 |  1.0
Translocations | 1 |  1.0
Transmutations | 1 |  1.0
Fire Magic     | 1 |  1.0
Ice Magic      | 1 |  1.0
Air Magic      | 1 |  1.0
Earth Magic    | 1 |  1.0
Poison Magic   | 1 |  1.0
Fighting       | |  6.6
Staves         | |  4.6
Throwing       | |  2.8
Armour         | |  2.8
Stealth        | |  4.3
Evocations     | |  2.8

Action                   |  1- 3 |  4- 6 || total
-------------------------+-------+-------++-------
Melee: Quarterstaff      |    46 |    59 ||   105
       Bite              |     1 |     6 ||     7
       Unarmed           |       |     4 ||     4
  Use: Scroll            |     7 |       ||     7
       Potion            |       |     1 ||     1
 Stab: Sleeping          |     3 |       ||     3
  Eat: Chunk             |       |     3 ||     3
Armor: Robe              |     1 |       ||     1
       Ring mail         |     2 |    28 ||    30
Dodge: Dodged            |    19 |    53 ||    72

Table legend:
 A = Non-vault XP
 B = Vault XP
 C = Vault XP percentage of total XP
 D = Non-vault monster count
 E = Vault monster count
 F = Vault count percentage of total count
                 A         B        C        D         E       F
            +---------+---------+-------+---------+---------+-------
      Total |     106 |      36 |  25.4 |      26 |      10 |  27.8
            +---------+---------+-------+---------+---------+-------
        D:1 |       6 |       5 |  45.5 |       5 |       1 |  16.7
        D:2 |     100 |      31 |  23.7 |      21 |       9 |  30.0
            +---------+---------+-------+---------+---------+-------
